Map: [ESL] Equilibrium

Players

Serral - Winner!

  • Race: Zerg Zerg
  • Spawn Location: 11:00

LiquidClem (Clem)

  • Race: Terran Terran
  • League: Grandmaster
  • Spawn Location: 1:00

Event: HomeStory Cup XXIV

VOD

Have the link to the VOD?

Description

Time

  • Played on: Dec. 3, 2023, 6:30 p.m.
  • Length: 12:48

All games in this series

Show
View Real Time Build Order
Export as new Build Order

Serral Zerg - Winner!

Build Orders: Hatch First 

Get SALT Encoding   

  12  0:00  Drone  
  13  0:12  Overlord  
  13  0:16  Drone  
  14  0:30  Drone x2  
  16  0:47  Hatchery  
  15  0:50  Drone  
  15  0:54  Drone  
  17  0:57  Drone  
  18  1:08  Extractor  
  17  1:12  Spawning Pool  
  17  1:15  Drone  
  17  1:19  Drone  
  18  1:27  Drone  
  19  1:38  Drone  
  20  1:50  Drone  
  21  1:59  Queen x2  
  21  2:00  Zergling x4  
  27  2:11  Overlord  
  27  2:12  Drone, Metabolic Boost  
  28  2:27  Hatchery  
  27  2:30  Drone  
  27  2:31  Drone  
  27  2:34  Drone  
  30  2:38  Drone  
  30  2:43  Queen  
  33  2:49  Overlord  
  32  2:52  Drone  
  32  2:54  Drone  
  32  2:56  Drone  
  35  3:03  Overlord  
  35  3:10  Drone x4  
  39  3:13  Queen  
  39  3:19  Drone x2  
  43  3:26  Queen  
  43  3:29  Drone, Overlord  
  46  3:36  Zergling x2  
  46  3:37  Zergling x2  
  46  3:41  Drone x4  
  52  3:47  Queen  
  52  3:48  Overlord  
  54  3:49  Zergling x2  
  54  3:53  Queen  
  54  3:54  Drone  
  58  3:56  Drone  
  58  3:59  Overlord  
  59  4:04  Drone  
  59  4:06  Roach Warren  
  59  4:09  Zergling x2  
  61  4:10  Drone x2  
  61  4:12  Drone x2  
  61  4:13  Drone  
  65  4:22  Overlord  
  65  4:23  Zergling x2  
  67  4:24  Drone x5  
  67  4:29  Drone x2  
  73  4:31  Lair  
  73  4:34  Extractor  
  73  4:36  Overlord  
  73  4:38  Drone  
  73  4:44  Extractor  
  73  4:45  Zergling x2  
  73  4:49  Overlord  
  73  4:50  Roach x2  
  77  4:54  Roach  
  77  4:58  Roach  
  81  5:01  Zergling x8, Queen  
  81  5:07  Overlord  
  87  5:08  Roach x2  
  87  5:09  Overlord  
  87  5:10  Overlord  
  87  5:13  Extractor  
  90  5:15  Overlord  
  90  5:17  Ravager  
  90  5:20  Drone x2  
  93  5:26  Ravager  
  94  5:29  Overlord  
  94  5:30  Overlord  
  94  5:34  Roach x2  
  90  5:37  Drone x5  
  90  5:41  Roach  
  90  5:42  Queen  
  88  5:43  Drone x3  
  88  5:46  Drone x2  
  95  5:51  Overlord  
  95  5:53  Drone  
  95  5:54  Glial Reconstitution  
  93  5:58  Roach x3  
  93  6:01  Drone x2  
  93  6:02  Overseer  
  101  6:04  Extractor  
  101  6:05  Extractor  
  101  6:09  Ravager  
  100  6:11  Drone x2  
  100  6:12  Evolution Chamber  
  100  6:13  Evolution Chamber, Hatchery  
  100  6:15  Drone x4  
  103  6:22  Drone x2  
  103  6:24  Overlord  
  105  6:28  Drone x3  
  105  6:29  Overlord  
  105  6:32  Roach x3  
  114  6:35  Drone  
  115  6:41  Zerg Melee Weapons Level 1, Zerg Ground Armor Level 1  
  115  6:42  Ravager  
  115  6:43  Overlord  
  115  6:45  Drone x2  
  118  6:52  Drone x4  
  122  6:58  Drone  
  122  6:59  Drone x6  
  122  7:00  Infestation Pit  
  122  7:01  Baneling Nest  
  127  7:02  Ravager  
  127  7:03  Drone  
  127  7:07  Drone x2  
  131  7:13  Extractor, Drone  
  131  7:14  Hatchery  
  130  7:16  Extractor  
  130  7:17  Drone  
  130  7:19  Drone x3  
  133  7:27  Hatchery  
  133  7:29  Zergling x14  
  139  7:41  Zergling x10, Hive  
  144  7:44  Overlord  
  144  7:46  Pneumatized Carapace, Overlord  
  144  7:52  Zergling x20  
  144  7:56  Centrifugal Hooks  
  144  7:57  Baneling x9  
  144  7:58  Zergling x4  
  156  8:01  Burrow  
  156  8:02  Zergling x4  
  154  8:13  Zergling x12  
  154  8:18  Zergling x10  
  165  8:23  Overlord  
  165  8:26  Zergling x12  
  171  8:28  Queen  
  171  8:29  Overlord  
  170  8:36  Zergling x8  
  170  8:39  Baneling x2, Zerg Melee Weapons Level 2, Zerg Ground Armor Level 2  
  170  8:40  Baneling x3  
  168  8:43  Drone x2  
  168  8:45  Baneling x2  
  168  8:46  Infestor  
  168  8:47  Infestor  
  174  8:48  Unknown  
  174  8:49  Ravager x2  
  174  8:53  Zergling x14  
  181  9:02  Adrenal Glands  
  179  9:05  Viper  
  179  9:06  Viper x2, Infestor  
  187  9:11  Ultralisk Cavern  
  187  9:12  Zergling x28  
  199  9:20  Baneling x11  
  194  9:27  Zergling x12  
  182  9:46  Zergling x42  
  182  9:51  Zergling x6  
  178  9:53  Baneling  
  178  9:54  Baneling x9  
  177  10:00  Zergling x16, Ultralisk  
  177  10:01  Zergling x2  
  181  10:19  Drone x6  
  182  10:21  Chitinous Plating, Ultralisk x3  
  182  10:27  Baneling x8  
  182  10:28  Zergling x14  
  199  10:42  Zergling x26  
  179  10:53  Ultralisk x3  
  179  10:56  Drone x3  
  192  11:06  Zergling x16  
  191  11:14  Zergling x18  
  194  11:22  Infestor  
  191  11:31  Drone x2  
  191  11:33  Ultralisk  
  191  11:34  Zergling x4  
  191  11:38  Baneling x6  
  199  11:40  Overseer  
  190  11:55  Zergling x22  
  190  12:00  Hatchery  
  190  12:02  Ultralisk  
  190  12:03  Ultralisk  
  195  12:09  Zergling x10  
  196  12:25  Zergling x10  
  180  12:31  Zergling x32  
Show
View Real Time Build Order
Export as new Build Order

LiquidClem Terran 

Build Orders: 2 Factory, Reaper Expand 

Get SALT Encoding   

  12  0:00  SCV  
  13  0:12  SCV  
  14  0:16  Supply Depot  
  14  0:24  SCV  
  15  0:38  SCV  
  15  0:40  Barracks  
  15  0:42  Refinery  
  16  0:50  SCV  
  17  1:02  SCV  
  18  1:14  SCV  
  19  1:27  Orbital Command, Reaper  
  20  1:37  Command Center  
  20  1:46  Supply Depot  
  20  1:52  SCV  
  21  1:59  Marine  
  22  2:04  SCV  
  23  2:09  Factory  
  23  2:17  SCV  
  23  2:19  Barracks Reactor  
  24  2:22  Refinery  
  24  2:29  SCV  
  25  2:44  SCV  
  25  2:51  Orbital Command  
  26  2:55  Factory  
  26  2:56  SCV  
  27  3:00  Hellion x2  
  27  3:04  Marine  
  32  3:08  SCV  
  33  3:15  Supply Depot  
  33  3:16  SCV  
  34  3:20  SCV  
  34  3:25  Cyclone  
  34  3:26  Cyclone  
  39  3:28  SCV  
  39  3:29  Barracks Tech Lab  
  39  3:33  SCV  
  41  3:40  SCV  
  42  3:45  SCV  
  43  3:51  Supply Depot  
  43  3:52  SCV  
  43  3:54  Cyclone, Hurricane Engines  
  46  3:58  Hellion, Cyclone, SCV  
  51  4:04  SCV  
  52  4:10  SCV  
  52  4:17  Command Center, SCV  
  54  4:20  Supply Depot  
  54  4:23  Cyclone, SCV  
  57  4:29  SCV  
  58  4:32  Supply Depot  
  58  4:33  Cyclone  
  58  4:35  Cyclone  
  62  4:42  Supply Depot, SCV  
  63  4:48  SCV  
  64  4:53  Supply Depot  
  64  4:54  Barracks Tech Lab  
  64  4:55  SCV  
  65  5:00  SCV  
  65  5:02  Barracks, Hellion  
  65  5:03  Barracks  
  68  5:07  SCV  
  68  5:09  Hellion  
  68  5:11  Supply Depot  
  68  5:12  SCV  
  72  5:14  Stimpack  
  72  5:19  SCV  
  72  5:20  Cyclone  
  72  5:21  Marine  
  76  5:24  SCV  
  76  5:31  SCV  
  76  5:35  Hellion  
  77  5:36  SCV  
  77  5:37  Hellion  
  77  5:38  Marine  
  77  5:42  Orbital Command  
  73  5:43  SCV  
  73  5:48  Engineering Bay x2  
  72  5:50  SCV  
  72  5:52  Hellion, Refinery  
  72  5:53  Refinery  
  72  5:55  SCV  
  72  5:56  Marine  
  79  5:58  Barracks Reactor  
  79  5:59  Starport  
  79  6:03  Orbital Command, SCV  
  78  6:07  Factory Reactor, SCV  
  79  6:13  Supply Depot  
  79  6:15  SCV  
  79  6:17  Marine x3  
  83  6:19  Terran Infantry Armor Level 1, SCV  
  84  6:27  Siege Tank, SCV  
  84  6:28  SCV  
  89  6:33  SCV  
  89  6:34  Marine  
  89  6:35  Barracks  
  89  6:36  Barracks  
  89  6:37  Marine x3  
  89  6:39  SCV  
  95  6:40  Terran Infantry Weapons Level 1, SCV  
  95  6:43  Supply Depot  
  95  6:45  Marine, SCV, Refinery  
  98  6:51  SCV  
  98  6:53  Marine, SCV  
  101  6:56  Refinery  
  101  6:57  Combat Shield, SCV  
  101  6:58  Supply Depot  
  101  7:00  Siege Tank, Factory Tech Lab  
  101  7:01  Marine x3  
  106  7:02  Medivac  
  106  7:04  Medivac  
  106  7:07  Supply Depot, SCV  
  114  7:08  SCV  
  114  7:09  SCV  
  114  7:10  Marine  
  114  7:11  Marine  
  117  7:16  Armory  
  117  7:19  SCV  
  117  7:20  SCV  
  117  7:21  SCV  
  117  7:22  Siege Tank  
  123  7:23  Supply Depot  
  123  7:24  Marine x3  
  123  7:26  Barracks Reactor  
  123  7:27  Barracks Reactor  
  127  7:32  Supply Depot, SCV  
  127  7:33  SCV  
  129  7:38  Siege Tank  
  129  7:41  Marine  
  129  7:42  Marine  
  129  7:43  Command Center  
  133  7:45  Marine  
  133  7:46  Marine  
  133  7:49  Marine  
  136  7:53  Medivac x2  
  136  7:55  Supply Depot  
  140  7:59  Siege Tank, Marine  
  140  8:05  Marine x2  
  145  8:06  Marine x4  
  145  8:12  Marine x2  
  151  8:13  Supply Depot  
  151  8:14  Siege Tank  
  151  8:17  Marine  
  156  8:22  Terran Infantry Armor Level 2, Marine  
  156  8:23  Marine  
  156  8:25  Marine x3  
  156  8:26  Supply Depot  
  161  8:31  Medivac x2  
  161  8:33  Marine  
  166  8:36  Marine x2  
  166  8:38  Marine  
  166  8:40  Marine  
  166  8:41  Siege Tank, Marine  
  165  8:42  Marine  
  165  8:46  Marine x2  
  165  8:47  Barracks, Supply Depot  
  165  8:48  Barracks x2  
  169  8:50  Terran Infantry Weapons Level 2  
  169  8:51  Marine  
  169  8:54  Marine x2  
  172  8:56  Marine  
  172  8:57  Siege Tank  
  172  8:58  Marine  
  172  8:59  SCV x2  
  172  9:00  SCV  
  180  9:02  Ghost Academy  
  180  9:03  Marine x2  
  180  9:04  Marine  
  180  9:08  Marine  
  180  9:09  Terran Vehicle Weapons Level 1  
  184  9:11  SCV x2, Marine  
  184  9:15  Siege Tank, Marine x2  
  190  9:20  Marine  
  190  9:22  Marine  
  188  9:24  Medivac  
  188  9:26  Marine  
  188  9:27  Planetary Fortress  
  188  9:29  Marine, SCV  
  188  9:30  Refinery  
  188  9:31  Marine, Refinery  
  190  9:32  Marine  
  187  9:40  Marine x2  
  187  9:41  Siege Tank, Marine  
  187  9:42  Marauder, Marine  
  188  9:48  Medivac  
  188  9:49  Marine x3  
  188  9:51  Marine  
  172  9:54  SCV  
  172  9:55  Siege Tank  
  172  9:56  SCV  
  172  9:58  Barracks Tech Lab  
  175  10:00  Barracks Tech Lab x2, Marine x3  
  175  10:01  Marine  
  175  10:02  SCV  
  175  10:03  Marauder  
  175  10:04  Medivac  
  176  10:14  Siege Tank, Marine  
  176  10:15  Marine  
  176  10:18  Marine, Medivac  
  172  10:24  Marine x3  
  172  10:25  Marauder x2, Marine  
  172  10:26  Marauder x2  
  172  10:27  Siege Tank  
  172  10:28  Marine  
  185  10:34  Medivac, Marine  
  189  10:36  Marine  
  189  10:37  Marine  
  189  10:42  Marine  
  180  10:44  Marine  
  180  10:46  Siege Tank  
  180  10:48  Medivac  
  180  10:49  Marine  
  183  10:52  Command Center, Marine x4  
  183  10:53  Marine x2  
  181  10:58  Marine  
  181  10:59  Siege Tank  
  184  11:04  Medivac  
  184  11:05  Marauder  
  184  11:06  Marine x2  
  184  11:11  Marauder x2  
  190  11:14  Marine x2  
  190  11:16  Marine  
  187  11:18  Marine x2, Medivac  
  187  11:19  Marine  
  188  11:26  Marauder, Marine x2  
  188  11:32  Siege Tank  
  193  11:33  Marine x3  
  193  11:34  Medivac  
  193  11:35  Marauder, Marine  
  198  11:40  Marine  
  198  11:41  Marine  
  199  11:49  Siege Tank  
  199  11:54  Ghost  
  184  11:55  Ghost  
  184  11:56  Marine  
  184  11:57  Marine x2, Marauder x2  
  184  11:58  Liberator  
  184  11:59  Marine  
  172  12:04  Marine x3  
  161  12:10  Siege Tank  
  160  12:17  Marine  
  160  12:18  Marauder x2  
  157  12:23  Marauder  
  157  12:25  Marine x2, Marauder  
  157  12:29  SCV x2  
  139  12:33  SCV  
Tags
 
Add a new tag
Caveats
  • Supply blocks, unpowered buildings, or Contaminate may cause inaccurate times.
  • Supply counts are checked every 10 seconds.